 Dungeon Crawl Stone Soup version 0.30-a0-414-gcb316572d5 (webtiles) character file.

Game seed: 1541626678066782488

16 sleeves the Insei (level 2, 15/21 HPs)
             Began as a Demonspawn Transmuter on Dec 8, 2022.
             Quit the game on level 1 of the Dungeon.
             The game lasted 00:00:56 (287 turns).

sleeves the Insei (Demonspawn Transmuter)            Turns: 287, Time: 00:00:57

Health: 15/21      AC:  2    Str: 10    XL:     2   Next: 41%
Magic:  5/5        EV: 12    Int: 14    God:
Gold:   10         SH:  0    Dex: 13    Spells: 4/5 levels left

rFire   . . .      SeeInvis .      - Unarmed
rCold   + . .      Faith    .    (no shield)
rNeg    . . .      Spirit   .    a - +0 robe
rPois   .          Reflect  .    (helmet currently unavailable)
rElec   .          Harm     .    (no cloak)
rCorr   .          Rampage  .    (no gloves)
Will    .....                    (boots currently unavailable)
Stlth   +.........               (no amulet)
HPRegen 0.23/turn                g - ring of protection from cold
MPRegen 0.09/turn                (no ring)

@: appendages (expiring)
A: ([horns 0]), talons 2, antennae 1
a: End Transformation


You were on level 1 of the Dungeon.
You had temporarily grown beastly horns and talons.
You visited 1 branch of the dungeon, and saw 1 of its levels.

You collected 10 gold pieces.

Inventory:

Armour
 a - a +0 robe (worn)
Jewellery
 g - a ring of protection from cold (left hand)
   (You found it on level 1 of the Dungeon)
Scrolls
 c - a scroll of teleportation {unknown}
 d - a scroll of identify {unknown}
Potions
 b - a potion of lignification
 e - a potion of attraction {unknown}
 f - a potion of brilliance {unknown}
 h - a potion of ambrosia {unknown}


   Skills:
 - Level 1.0 Fighting
 - Level 1.7 Dodging
 + Level 3.5 Unarmed Combat
 - Level 2.0 Spellcasting
 - Level 1.7 Transmutations


You had 4 spell levels left.
You knew the following spells:

 Your Spells              Type           Power      Damage    Failure   Level
a - Beastly Appendage     Tmut           12%        N/A       12%         1

Your spell library contained the following spells:

 Spells                   Type           Power      Damage    Failure   Level
 Wereblood                Tmut           6%         N/A       17%         2
 Spider Form              Tmut/Pois      3%         N/A       45%         3
 Ice Form                 Ice/Tmut       3%         N/A       86%         4


Dungeon Overview and Level Annotations

Branches:
Dungeon (1/15)

Altars:


Innate Abilities, Weirdness & Mutations

You have temporarily grown beastly horns and talons.
You have a pair of small antennae on your head.


Message History

Welcome, sleeves the Demonspawn Transmuter.
The heart of this dungeon contains the sublime artefact, the Orb of Zot.
Press ? for a list of commands and other information.
Found a staircase leading out of the dungeon.
A quokka comes into view.
Found a scroll labelled IMNATYEDEZY and a gold piece.
A quokka is nearby!
A quokka is nearby!
You miscast Beastly Appendage.
You are very lightly contaminated with residual magic.
Nothing appears to happen.
You grow a pair of large bovine horns.
Your feet morph into talons.
The quokka barely misses you.
You barely miss the quokka. The quokka closely misses you.
You barely miss the quokka. Your kick misses the quokka.
You headbutt the quokka.
You kill the quokka!
No target in view!
No target in view!
No target in view!
No target in view!
No target in view!
Your transformation is almost over.
Your magical contamination has completely faded away.
Your horns disappear.
Your talons disappear.
Magic restored.
The goblin shouts!
Found an escape hatch in the floor.
You see here a scroll labelled XAOQAY MEPT.
There are monsters nearby!
There are monsters nearby!
There are monsters nearby!
Found a hand axe and 9 gold pieces.
You grow a pair of large bovine horns.
Your feet morph into talons.
The goblin hits you but does no damage.
You barely miss the goblin. The goblin barely misses you.
You hit the goblin. You claw the goblin.
You kill the goblin!
You hit the rat but do no damage. The rat bites you.
You closely miss the rat. The rat bites you.
You hit the rat but do no damage. You claw the rat, but do no damage.
The rat bites you.
You barely miss the rat. The rat bites you but does no damage.
You completely miss the rat. The rat barely misses you.
You closely miss the rat. You claw the rat. Your headbutt misses the rat.
The rat is severely wounded.
Your transformation is almost over.
The rat closely misses you.
You hit the rat.
You kill the rat!
No target in view!
No target in view!
No target in view!
No target in view!
HP restored.
Your horns disappear.
Your talons disappear.
c - a scroll labelled XAOQAY MEPT You now have 1 gold piece.
You now have 10 gold pieces (gained 9).
A kobold comes into view. It is wielding a +0 short sword.
The kobold shouts!
A kobold is nearby!
A kobold is nearby!
A kobold is nearby!
The kobold throws a stone.
The stone closely misses you.
You grow a pair of large bovine horns.
Your feet morph into talons.
Found a bubbling amethyst potion.
The kobold closely misses you.
You hit the kobold.
The kobold is moderately wounded.
The kobold closely misses you.
You hit the kobold.
You kill the kobold!
Your Unarmed Combat skill increases to level 3!
No target in view!
No target in view!
No target in view!
No target in view!
No target in view!
No target in view!
Your transformation is almost over.
d - a scroll labelled IMNATYEDEZY Your horns disappear.
Your talons disappear.
Found 7 stones.
e - a bubbling amethyst potion No target in view!
Found 6 stones.
f - an orange potion
There is an open door here.
There is an escape hatch in the floor here.
You see here a +0 hand axe.
g - a ring of protection from cold
g - a ring of protection from cold (left hand)
You see here a +0 hand axe.
There is an escape hatch in the floor here.
There is an open door here.
A kobold comes into view. It is wielding a +0 dagger.
A kobold is nearby!
A kobold is nearby!
A kobold is nearby!
Found a fizzy orange potion.
You grow a pair of large bovine horns.
Your feet morph into talons.
The kobold shouts!
Your transformation is almost over.
The kobold hits you but does no damage.
You completely miss the kobold. Your kick misses the kobold.
The kobold closely misses you.
You closely miss the kobold. The kobold hits you with a +0 dagger.
You hit the kobold.
You kill the kobold!
Your horns disappear.
Your talons disappear.
A bat comes into view.
The bat hits you.
A bat is nearby!
A bat is nearby!
A bat is nearby!
You miscast Beastly Appendage.
You are very lightly contaminated with residual magic.
Nothing appears to happen.
The bat misses you. x2
You hit the bat.
The bat is severely wounded.
The bat closely misses you. The bat hits you but does no damage.
You hit the bat.
You kill the bat!
No target in view!
No target in view!
No target in view!
No target in view!
No target in view!
No target in view!
Your magical contamination has completely faded away.
h - a fizzy orange potion
Found 6 stones.
An endoplasm comes into view.
An endoplasm is nearby!
A gnoll comes into view. It is wielding a +0 whip.
Found a stone staircase leading down.
You grow a pair of large bovine horns.
Your feet morph into talons.
Found 18 gold pieces and a ring mail.
A ball python comes into view.
The ball python hisses angrily.
Your transformation is almost over.
You completely miss the gnoll. You claw the gnoll. You headbutt the gnoll!
The gnoll is severely wounded.
The gnoll hits you with a +0 whip.
You punch the gnoll!
You kill the gnoll!
You have reached level 2!
Your demonic ancestry asserts itself...
The horns on your head shrink a bit. The horns on your head shrink away.
A pair of antennae grows on your head!
Are you sure you want to abandon this character and quit the game? (Confirm with "yes".)

#.......(..J...
#..........S..
#............
#.....################
#.....#..(............
#.....#.............#.
#.###.#...###....8...#
#.# #S#..## ##..)....#
#.# #@#..## ##........
#.###.#...###...####..
#...#.#........##..##)
###.#......8...#)##>'.
#...#........##.###.
##..#.).###...####..
#..#..## ##........
#..#..# ##........
#..#... ##....8...#


You could see a ball python.

Vanquished Creatures
  A gnoll (D:1)
  A goblin (D:1)
  A quokka (D:1)
  A bat (D:1)
  2 kobolds (D:1)
  A rat (D:1)
7 creatures vanquished.

Notes
Turn   | Place    | Note
-------+----------+-------------------------------------------
     0 | D:1      | sleeves the Demonspawn Transmuter began the quest for the
                  | Orb.
     0 | D:1      | Reached XP level 1. HP: 15/15 MP: 3/3
   105 | D:1      | Reached skill level 3 in Unarmed Combat
   287 | D:1      | Lost mutation: You have a pair of horns on your head.
                  | [demonic ancestry]
   287 | D:1      | Lost mutation: You have a pair of small horns on your head.
                  | [demonic ancestry]
   287 | D:1      | Gained mutation: You have a pair of small antennae on your
                  | head. [demonic ancestry]
   287 | D:1      | Reached XP level 2. HP: 15/21 MP: 5/5
   287 | D:1      | Quit the game

Illustrated notes

Levels and vault maps discovered:
D:1:      erik_arrival_cave_to_civilisation [erik_arrival_cave_to_hall],
          layout_basic, serial_shops, nicolae_shop_crystal,
          corexii_item_surrounded_by_moat, minmay_misc_feat_doors

Skill      XL: |  1 |
---------------+----+-----
Unarmed Combat | 3 |  3.5
Fighting       | |  1.0
Dodging        | |  1.7
Spellcasting   | |  2.0
Transmutations | |  1.7

Action                   || total
-------------------------++-------
Melee: Unarmed           ||    20
       Kick              ||     4
       Headbutt          ||     2
 Cast: Beastly Appendage ||     5
Armor: Robe              ||     4
Dodge: Dodged            ||    12

Table legend: (Time is in decaauts)
 A = Elapsed time spent in this place.
 B = Non-inter-level travel time spent in this place.
 C = Inter-level travel time spent in this place.
 D = Time resting spent in this place.
 E = Time spent auto-exploring this place.
 F = Levels seen in this place.
 G = Mean time per level.
                   A        B        C        D        E       F      G
               +--------+--------+--------+--------+--------+-----+--------+
         Total |    285 |    285 |      0 |      0 |    213 |   1 |  285.0 |
       Dungeon |    285 |    285 |      0 |      0 |    213 |   1 |  285.0 |
               +--------+--------+--------+--------+--------+-----+--------+

Top non-repeatable levels by time:
     D:1: 285 daAuts
